 Dungeon Crawl Stone Soup version 0.28-a0-1505-g8c907de6ad (webtiles) character file.

Game seed: 8896182833003383097

2832 Armakuni the Arsonist (level 10, -11/63 HPs)
             Began as a Human Fire Elementalist on Jan 13, 2022.
             Was a Follower of Vehumet.
             Mangled by an orc knight (24 damage)
             ... in a bailey.
             The game lasted 00:34:12 (9777 turns).

Armakuni the Arsonist (Human Fire Elementalist)     Turns: 9777, Time: 00:34:12

Health: -11/63     AC:  5    Str:  8    XL:     10   Next: 3%
Magic:  5/18       EV: 12    Int: 16    God:    Vehumet [*.....]
Gold:   238        SH:  0    Dex: 14    Spells: 4/20 levels left

rFire   + . .      SeeInvis .   o - +11 hand axe of the Ageless Gods {elec, rPois rF+ Str-4}
rCold   . . .      Faith    .   (no shield)
rNeg    . . .      Spirit   .   l - +0 robe
rPois   +          Reflect  .   (no helmet)
rElec   .          Harm     .   k - +1 cloak
rCorr   .          Rampage  .   (no gloves)
Will    .....                   b - +0 pair of boots
Stlth   ++........              (no amulet)
HPRegen 0.20/turn               (no ring)
MPRegen 0.16/turn               (no ring)

@: no status effects
A: no striking features
a: Renounce Religion


You were in a bailey.
You worshipped Vehumet.
Vehumet was aware of your devotion.
You visited 2 branches of the dungeon, and saw 8 of its levels.
You also visited: Bailey.

You collected 238 gold pieces.

Inventory:

Hand Weapons
 g - a +3 flail
 n - a +0 quarterstaff
 o - the +11 hand axe of the Ageless Gods (weapon) {elec, rPois rF+ Str-4}
   (You found it on level 6 of the Dungeon)

   It occasionally discharges a powerful burst of electricity upon striking a
   foe.
   Str:       It affects your strength (-4).
   rF:        It protects you from fire.
   rPois:     It protects you from poison.
Armour
 a - an orb of wrath
 b - a +0 pair of boots (worn)
 c - a +0 ring mail
 k - a +1 cloak (worn)
 l - a +0 robe (worn)
 r - a +1 scale mail of fire resistance
 u - a +3 scale mail
Jewellery
 F - a ring of fire
Wands
 j - a wand of digging (2)
 p - a wand of polymorph (1)
Scrolls
 d - 2 scrolls of teleportation
 m - 4 scrolls of enchant weapon
 q - a scroll of fear
 s - a scroll of vulnerability
Potions
 f - 2 potions of curing {unknown}
 h - 2 potions of flight {unknown}
 t - a potion of lignification


   Skills:
 - Level 2.0 Dodging
 - Level 2.0 Stealth
 + Level 5.8 Spellcasting
 + Level 6.8 Conjurations
 - Level 10.0 Fire Magic


You had 4 spell levels left.
You knew the following spells:

 Your Spells              Type           Power      Damage    Failure   Level
a - Foxfire               Conj/Fire      100%       2x1d9     1%          1
b - Searing Ray           Conj           52%        2d6       1%          2
i - Inner Flame           Hex/Fire       20%        N/A       5%          3
s - Sticky Flame          Conj/Fire      31%        2d5       4%          4
w - Flame Wave            Conj/Fire      31%        2d7       4%          4
z - Scorch                Fire           72%        2d9       1%          2

Your spell library contained the following spells:

 Spells                   Type           Power      Damage    Failure   Level
 Freeze                   Ice            16%        1d4       14%         1
 Magic Dart               Conj           100%       1d8       1%          1
 Conjure Flame            Conj/Fire      31%        6-21      1%          3
 Shock                    Conj/Air       60%        1d6       3%          1
 Ignite Poison            Fire/Tmut/Pois 15%        N/A       11%         3
 Fulminant Prism          Conj/Hex       7%         3d7       34%         4
 Swiftness                Air            4%         N/A       38%         3
 Airstrike                Air            2%         N/A       80%         4


Dungeon Overview and Level Annotations

Branches:
Dungeon (7/15)             Temple (1/1) D:5          Bailey (1/1)

Altars:
Gozag
Hepliaklqana
Makhleb
Nemelex Xobeh
Qazlal
Ru
Trog
Uskayaw
Vehumet
Wu Jian
Xom
Yredelemnul
Zin
The Shining One

Shops:
D:6 :


Message History

Here: an orc knight, wielding a +0 halberd and wearing a +0 plate armour (moderately wounded, more vulnerable to fire)
A fountain of clear blue water.
Unknown command.
Okay, then.
The orc warrior shouts!
The orc knight is no longer more vulnerable to fire.
Found a scale mail.
You see here 4 poisoned darts.
You flicker for a moment.
The orc knight completely misses you.
Casting: Sticky Flame (dangerous; 4% risk of failure)
Confirm with . or Enter, or press ? or * to list all spells.
Aiming: Sticky Flame (dangerous; 4% risk of failure)
Press: ? - help, Shift-Dir - straight line, f/p - orc knight
Aim: an orc knight, wielding a +0 halberd and wearing a +0 plate armour (black smoke, moderately wounded, 100% to hit)
The sticky flame hits the orc knight.
The orc knight is moderately wounded.
The orc knight is covered in liquid flames!
The orc knight shouts!
The orc knight burns!
The orc knight burns!
The orc knight burns!
Unknown command.
Casting: Sticky Flame (dangerous; 4% risk of failure)
Confirm with . or Enter, or press ? or * to list all spells.
Flames lash the orc knight.
The orc knight is severely wounded.
The orc knight's fire resistance burns away.
The orc knight shouts!
The flames covering the orc knight go out.
The orc knight stops burning.
The orc knight is engulfed in a cloud of scalding steam.
Unknown command.
Casting: Scorch (safe; 1% risk of failure)
Confirm with . or Enter, or press ? or * to list all spells.
Flames lash the orc knight.
The orc knight is burned terribly!
The orc knight is almost dead.
You flicker back into view.
The orc knight hits you from afar with a +0 halberd!!
You die...

##.........## ##∩∩#
##..≈≈≈≈≈)≈..## #..##
##..≈≈.....)≈..## ##..#
########..≈≈..###..≈≈..######).##
.........≈≈..##.##..)≈.)........#
≈≈≈≈≈≈≈≈≈≈..##[[[##..≈≈≈≈≈≈≈≈≈).#
≈....).....##.....##..........).#
≈.#############'#############.≈.#
≈.##.....##.....@§..##.$$$.##.≈.#
≈..##...#'..≈≈≈.≈§≈§§##.$.##..≈.#
≈≈..##.##..§≈(..o.§≈§.##.##.)≈≈.#
.≈≈..#'#..≈≈...§...§§..#+#..≈≈.∩#
.≈≈..#'#......⌠∩⌠..§...# #..≈≈.##
≈≈..## ##..≈≈)))..≈≈..'# ##..≈≈.#
≈..## ##..≈≈≈≈≈≈≈..##...##..≈.#
≈.## ##.........## ....##.≈.#
≈.#########'###'#############.≈.#


You could see an orc knight (combustible).

Vanquished Creatures
  An orc knight (Bailey)
  5 orc warriors (Bailey)
  2 ice beasts (D:6)
  3 ogres
  A centaur (D:5)
  3 scorpions
  4 wights
  An electric eel (D:6)
  2 howler monkeys
  3 jellies
  4 hounds
  2 orc priests
  3 centaur skeletons
  Jessica (D:3)
  A bullfrog skeleton (D:5)
  Terence (D:3)
  2 iguanas
  5 orc wizards
  A killer bee zombie (D:6)
  5 gnolls
  4 adders
  A white imp (D:6)
  An ufetubus (D:5)
  4 worms
  A dart slug (D:4)
  35 orcs
  4 ball pythons
  7 endoplasms
  10 giant cockroaches
  4 goblins
  6 hobgoblins
  6 quokkas
  8 bats
  2 frilled lizards
  10 kobolds
  6 rats
159 creatures vanquished.

Vanquished Creatures (collateral kills)
  An orc priest (D:5)
  An iguana (D:5)
  An orc wizard (D:5)
  2 orcs (D:5)
5 creatures vanquished.

Vanquished Creatures (others)
  517 foxfires
  4 plants
521 creatures vanquished.

Grand Total: 685 creatures vanquished

Notes
Turn   | Place    | Note
-------+----------+-------------------------------------------
     0 | D:1      | Armakuni the Human Fire Elementalist began the quest for
                  | the Orb.
     0 | D:1      | Reached XP level 1. HP: 13/13 MP: 3/3
   232 | D:1      | Reached XP level 2. HP: 17/19 MP: 1/5
   745 | D:1      | Learned a level 2 spell: Scorch
   946 | D:1      | Reached XP level 3. HP: 21/24 MP: 4/6
  1704 | D:2      | Found a faded altar of an unknown god.
  1963 | D:2      | Reached XP level 4. HP: 30/30 MP: 5/7
  2433 | D:3      | Noticed Terence
  2440 | D:3      | Learned a level 4 spell: Sticky Flame
  2474 | D:3      | Noticed Jessica
  2511 | D:3      | Killed Jessica
  2613 | D:3      | Reached XP level 5. HP: 35/35 MP: 5/8
  2831 | D:3      | Noticed Sigmund
  3104 | D:3      | Noticed Sigmund
  3104 | D:3      | Sigmund changed into Sigmund the hound
  3114 | D:3      | Killed Sigmund the hound
  3115 | D:3      | Reached skill level 4 in Fire Magic
  3229 | D:3      | Reached XP level 6. HP: 20/41 MP: 4/9
  3777 | D:4      | Noticed an ogre
  3884 | D:3      | Killed Terence
  3885 | D:3      | Reached skill level 5 in Conjurations
  4167 | D:4      | Killed an ogre
  4168 | D:4      | Reached skill level 5 in Fire Magic
  4168 | D:4      | Reached XP level 7. HP: 46/46 MP: 6/10
  4378 | D:4      | Found an ornate altar of the Wu Jian Council.
  4612 | D:4      | Found a burning altar of Makhleb.
  4709 | D:5      | Entered Level 5 of the Dungeon
  4831 | D:5      | Found a staircase to the Ecumenical Temple.
  4852 | Temple   | Entered the Ecumenical Temple
  4920 | Temple   | Became a worshipper of Vehumet
  5196 | D:5      | Reached skill level 6 in Fire Magic
  5203 | D:5      | Reached XP level 8. HP: 20/52 MP: 4/11
  6975 | D:6      | Reached skill level 7 in Fire Magic
  7083 | D:6      | Identified the +11 hand axe of the Ageless Gods {elec,
                  | rPois rF+ Str-4}
  7112 | D:6      | Found Lutoavvu's Book Boutique.
  7408 | D:6      | Found a glowing silver altar of Zin.
  7408 | D:6      | Found an opulent altar of Gozag.
  7585 | D:6      | Reached * piety under Vehumet
  7585 | D:6      | Offered knowledge of Magic Dart by Vehumet.
  7601 | D:6      | Reached XP level 9. HP: 48/57 MP: 0/16
  7736 | D:6      | Reached skill level 5 in Spellcasting
  7736 | D:6      | Reached skill level 8 in Fire Magic
  8040 | D:6      | Learned a level 3 spell: Inner Flame
  8045 | D:6      | Learned a level 4 spell: Flame Wave
  8087 | D:6      | Reached skill level 9 in Fire Magic
  8684 | D:7      | Found a flagged portal.
  8695 | Bailey   | Entered a bailey
  8830 | Bailey   | Noticed an orc knight
  8885 | Bailey   | Reached skill level 10 in Fire Magic
  8888 | Bailey   | Learned a level 2 spell: Searing Ray
  9254 | Bailey   | Noticed an orc knight
  9293 | Bailey   | Offered knowledge of Freeze by Vehumet.
  9394 | Bailey   | Killed an orc knight
  9394 | Bailey   | Reached ** piety under Vehumet
  9395 | Bailey   | Reached XP level 10. HP: 63/63 MP: 0/18
  9777 | Bailey   | Mangled by an orc knight

Illustrated notes

Levels and vault maps discovered:
D:1:      tarquinn_simple_flora_water_b, layout_loops_ring
D:2:      minmay_roachtagon, layout_rooms, basic_ecumenical_altar,
          serial_forest, infiniplex_forest_end_2, infiniplex_forest_clump_tiny,
          infiniplex_forest_clump_medium, infiniplex_forest_end_2,
          infiniplex_forest_clump_double, infiniplex_forest_straight_1,
          infiniplex_forest_clump_long
D:3:      layout_rooms, uniq_jessica, uniq_sigmund, uniq_terence
D:4:      layout_rooms, lightli_temple_of_fire, nzn_wu_jian_council_hall,
          minmay_goblin_kobold_house
D:5:      layout_layer_cave, minmay_temple_entry_mini_moons,
          hangedman_decor_riveting
D:6:      layout_gridville, grunt_temple_overflow_gold_and_silver,
          serial_rivers, chequers_serial_rivers_marsh,
          chequers_serial_rivers_marsh, chequers_serial_rivers_micro_c,
          chequers_serial_rivers_small_b, chequers_serial_rivers_micro_e,
          serial_shops, nicolae_shop_statue_plus, chequers_big_river,
          minmay_checkerbox
D:7:      layout_loops_corners, led_sif_pool,
          mainiacjoe_overflow_six_doors_small, enter_bailey_2, uniq_pikel,
          uniq_harold, uniq_maggie
Temple:   jpeg_temple_alley_garden
Bailey:   bailey_polearm_1, bailey

Skill      XL: |  1  2  3  4  5  6  7  8  9 |
---------------+----------------------------+-----
Conjurations   | 2 3 4 5 6 |  6.8
Fire Magic     | 4 5 6 7 10 | 10.0
Spellcasting   | 4 5 |  5.8
Dodging        | |  2.0
Stealth        | |  2.0

Action                   |  1- 3 |  4- 6 |  7- 9 | 10-12 || total
-------------------------+-------+-------+-------+-------++-------
Melee: Unarmed           |     2 |       |       |       ||     2
       Whip              |     8 |     8 |       |       ||    16
       Dagger            |     1 |       |       |       ||     1
       Short sword       |       |    32 |    28 |       ||    60
       Punch             |       |     1 |     1 |       ||     2
       Hand axe          |       |       |    19 |       ||    19
Throw: Dart              |       |       |     8 |       ||     8
 Cast: Foxfire           |    52 |   104 |   107 |    25 ||   288
       Scorch            |     3 |       |    70 |     9 ||    82
       Sticky Flame      |       |       |     6 |     3 ||     9
       Searing Ray       |       |       |     3 |       ||     3
       Inner Flame       |       |       |     1 |       ||     1
Evoke: Wand              |       |     8 |     6 |       ||    14
  Use: Scroll            |     3 |     4 |     3 |       ||    10
       Potion            |       |     3 |     4 |     1 ||     8
 Stab: Sleeping          |     1 |       |       |       ||     1
Armor: Robe              |    15 |    23 |    21 |     1 ||    60
       Skin              |       |       |     6 |       ||     6
Dodge: Dodged            |    37 |    82 |    75 |     2 ||   196

Table legend: (Time is in decaauts)
 A = Elapsed time spent in this place.
 B = Non-inter-level travel time spent in this place.
 C = Inter-level travel time spent in this place.
 D = Time resting spent in this place.
 E = Time spent auto-exploring this place.
 F = Levels seen in this place.
 G = Mean time per level.
                   A        B        C        D        E       F      G
               +--------+--------+--------+--------+--------+-----+--------+
         Total |   9824 |   9526 |    298 |   3285 |   3569 |   9 | 1091.6 |
       Dungeon |   8628 |   8366 |    262 |   3013 |   3411 |   7 | 1232.6 |
        Temple |    105 |     69 |     36 |      0 |     30 |   1 |  105.0 |
        Bailey |   1090 |   1090 |      0 |    272 |    128 |   1 | 1090.0 |
               +--------+--------+--------+--------+--------+-----+--------+

Top non-repeatable levels by time:
     D:5: 2296 daAuts
     D:6: 1506 daAuts
     D:1: 1500 daAuts
     D:3: 1412 daAuts
  Bailey: 1090 daAuts
     D:2: 1004 daAuts
     D:4: 894 daAuts
  Temple: 105 daAuts
     D:7: 15 daAuts
